Map: Bridgehead LE (Void)

Players

NoRegreT

  • Race: Zerg Zerg
  • League: Grandmaster

RepMeaSt (Semper) - Winner!

  • Race: Terran Terran
  • League: Master

Event: ASL Season 5 Prime League LOTV Beta

VOD

Have the link to the VOD?

Description

Time

  • Played on: Sept. 14, 2015, 8:37 p.m.
  • Length: 7:52

All games in this series

Show
View Real Time Build Order
Export as new Build Order

NoRegreT Zerg 

Build Orders: 3 Hatch before Pool 

Get SALT Encoding   

  12  0:02  Drone  
  13  0:09  Drone  
  14  0:24  Drone, Extractor  
  14  0:25  Drone, Extractor  
  16  0:31  Overlord  
  16  0:49  Hatchery  
  15  0:52  Drone  
  15  0:55  Drone  
  17  1:00  Drone  
  18  1:20  Hatchery  
  18  1:22  Drone  
  18  1:28  Extractor  
  17  1:36  Spawning Pool  
  17  1:38  Drone  
  17  1:42  Drone  
  18  1:48  Drone  
  19  1:59  Overlord  
  19  2:02  Drone  
  19  2:03  Drone  
  21  2:14  Drone x2  
  23  2:24  Queen  
  23  2:25  Queen  
  23  2:28  Zergling x2  
  28  2:34  Metabolic Boost  
  28  2:41  Drone x2  
  30  2:49  Drone  
  31  2:58  Drone  
  31  2:59  Drone, Overlord  
  33  3:14  Zergling x8  
  33  3:15  Zergling x6  
  33  3:17  Overlord  
  40  3:25  Zergling x2  
  41  3:28  Zergling x2  
  41  3:30  Overlord  
  42  3:35  Queen  
  42  3:37  Zergling x4  
  42  3:38  Zergling x6  
  48  3:41  Zergling x4  
  48  3:46  Overlord  
  50  3:51  Baneling Nest, Zergling x2  
  48  4:10  Drone  
  48  4:11  Drone x6  
  48  4:14  Drone  
  48  4:15  Drone  
  57  4:18  Drone  
  58  4:28  Drone  
  58  4:29  Drone  
  58  4:30  Drone  
  58  4:31  Overlord  
  58  4:40  Lair  
  58  4:46  Overlord  
  58  4:47  Spore Crawler  
  58  4:48  Queen x2  
  61  4:58  Drone  
  61  4:59  Drone x2  
  62  5:07  Drone x2  
  62  5:08  Drone x3  
  62  5:09  Extractor  
  62  5:10  Drone, Extractor  
  62  5:11  Drone  
  62  5:13  Extractor  
  66  5:15  Drone x3  
  66  5:16  Drone  
  70  5:26  Drone x4  
  70  5:51  Spire  
  70  5:56  Drone  
  70  5:57  Drone x4  
  70  6:05  Extractor  
  70  6:06  Extractor  
  70  6:07  Drone x3  
  70  6:08  Drone x2  
  70  6:24  Drone  
  70  6:25  Drone x3, Overlord  
  63  6:40  Overlord  
  63  6:42  Hatchery  
  58  7:02  Mutalisk x3  
Show
View Real Time Build Order
Export as new Build Order

RepMeaSt Terran - Winner!

Build Orders: Liberator Opening 

Get SALT Encoding   

  12  0:01  SCV  
  13  0:13  SCV  
  14  0:18  Supply Depot  
  14  0:25  SCV  
  15  0:39  SCV  
  15  0:40  Barracks  
  16  0:44  Refinery  
  16  0:51  SCV  
  17  1:03  SCV  
  18  1:15  SCV  
  19  1:28  Barracks Reactor, Orbital Command  
  19  1:42  Command Center  
  19  1:55  SCV  
  20  2:04  Factory  
  20  2:05  Marine x2  
  23  2:12  Supply Depot  
  22  2:17  Bunker  
  22  2:18  SCV  
  23  2:31  Refinery  
  23  2:33  Marine x2  
  25  2:38  SCV  
  26  2:46  Bunker  
  28  2:54  SCV, Starport  
  27  3:01  SCV  
  27  3:03  Marine  
  27  3:04  Hellion  
  31  3:12  SCV  
  32  3:15  Liberator  
  32  3:19  SCV  
  33  3:22  Hellion  
  33  3:24  SCV  
  33  3:25  Hellion  
  42  3:36  Orbital Command  
  41  3:44  Hellion  
  43  3:50  Armory  
  43  3:51  Hellion  
  45  3:57  SCV  
  45  4:03  SCV  
  45  4:06  Supply Depot  
  45  4:09  Hellion  
  44  4:10  SCV, Liberator  
  44  4:16  SCV  
  46  4:22  Supply Depot  
  46  4:28  SCV, Hellion  
  52  4:31  Supply Depot  
  52  4:34  Hellion  
  54  4:43  SCV x2  
  56  4:47  Supply Depot  
  56  4:53  Liberator  
  56  4:55  SCV x2  
  58  5:01  Hellion x2  
  58  5:03  Barracks  
  58  5:04  Barracks  
  62  5:08  SCV  
  66  5:15  SCV  
  67  5:22  Supply Depot  
  67  5:23  Barracks Tech Lab  
  67  5:24  Hellion x2  
  67  5:25  SCV  
  72  5:32  SCV  
  73  5:40  SCV  
  74  5:44  Command Center, Refinery x2  
  74  5:49  Marine  
  75  5:51  SCV  
  75  5:52  Barracks Reactor  
  76  5:58  Engineering Bay  
  76  6:06  Marine  
  76  6:07  Barracks Reactor  
  77  6:12  Supply Depot, Barracks, SCV  
  78  6:19  SCV  
  78  6:22  Engineering Bay, Barracks  
  78  6:24  Engineering Bay  
  78  6:25  Marine  
  79  6:30  Marine  
  81  6:34  Starport Reactor  
  81  6:38  Marine  
  86  6:40  Widow Mine  
  86  6:41  Widow Mine  
  86  6:43  Marine  
  86  6:44  SCV  
  88  6:47  Marine  
  88  6:48  Marine  
  88  6:52  Supply Depot  
  90  6:54  Marine  
  90  6:56  Marine  
  90  7:00  SCV  
  90  7:01  Marine  
  94  7:05  Marine x2  
  96  7:08  Marine  
  96  7:09  Barracks  
  96  7:11  Marine  
  96  7:12  Marine  
  96  7:15  Marine  
  97  7:18  Widow Mine x2  
  97  7:22  Marine  
  108  7:33  Marine  
  107  7:38  Missile Turret  
  107  7:40  Missile Turret  
  107  7:42  Missile Turret  
  105  7:45  Missile Turret  
Tags
 
Add a new tag
Caveats
  • Supply blocks, unpowered buildings, or Contaminate may cause inaccurate times.
  • Supply counts are checked every 10 seconds.